 Dungeon Crawl Stone Soup version 0.18-a0-1748-g7377c14 (webtiles) character file.

45 Galixin the Charmwright (level 3, -3/25 HPs)
             Began as a High Elf Skald on Apr 13, 2016.
             Slain by Terence
             ... wielding a +5 short sword of speed
              (10 damage)
             ... on level 3 of the Dungeon.
             The game lasted 00:09:47 (1541 turns).

Galixin the Charmwright (High Elf Skald)            Turns: 1541, Time: 00:09:47

Health: -3/25      AC:  3    Str: 12    XL:     3   Next: 42%
Magic:  6/7        EV: 11    Int: 15    God:
Gold:   143        SH:  0    Dex: 15    Spells: 3 memorised, 0 levels left

rFire  . . .     SeeInvis .     a - +0 spear
rCold  . . .     Gourm    .     b - +0 leather armour
rNeg   . . .     Faith    .     (no shield)
rPois  .         Spirit   .     (no helmet)
rElec  .         Dismiss  .     (no cloak)
rCorr  .         Reflect  .     (no gloves)
SustAt .         Harm     .     (no boots)
MR     .....                    (no amulet)
Stlth  +.........               (no ring)
                                (no ring)

@: confused, very slightly contaminated, not resistant to hostile enchantments,
very unstealthy
A: no striking features
a: no special abilities


You were on level 3 of the Dungeon.
You were not hungry.

You visited 1 branch of the dungeon, and saw 3 of its levels.

You collected 143 gold pieces.

Inventory:

Hand Weapons
 a - a +0 spear (weapon)
Missiles
 f - 41 poisoned needles
Armour
 b - a +0 leather armour (worn)
Wands
 n - a wand of teleportation (4/9)
Scrolls
 e - a scroll of identify
 g - a scroll of fog {unknown}
 o - a scroll of amnesia {unknown}
 p - a scroll of remove curse {unknown}
 r - a scroll of noise {unknown}
Potions
 h - a potion of heal wounds {unknown}
 j - a potion of flight {unknown}
 k - a potion of magic {unknown}
 l - a potion of might {unknown}
 m - a potion of ambrosia
 q - a potion of curing {unknown}
Books
 c - a book of Battle

   Spells                             Type                      Level
   a - Infusion                       Charms                       1
   b - Shroud of Golubria             Charms/Translocation         2
   c - Song of Slaying                Charms                       2
   d - Spectral Weapon                Hexes/Charms                 3
   e - Regeneration                   Charms/Necromancy            3
Comestibles
 d - a bread ration
 i - a royal jelly


   Skills:
 + Level 2.4 Fighting
 + Level 1.9 Polearms
 + Level 1.2 Armour
 + Level 1.5 Dodging
 + Level 0.5 Stealth
 + Level 2.5 Spellcasting
 + Level 4.1 Charms


You couldn't memorise any spells.
You knew the following spells:

 Your Spells              Type           Power        Failure   Level  Hunger
a - Infusion              Chrm           ##..         6%          1    #......
b - Spectral Weapon       Hex/Chrm       #.......     38%         3    ###....
c - Regeneration          Chrm/Necr      #.........   38%         3    ###....


Dungeon Overview and Level Annotations

Branches:
Dungeon (3/15)

Altars:

Annotations:
D:3 Terence


Message History

Casting: Spectral Weapon
Confirm with . or Enter, or press ? or * to list all spells.
You don't have enough magic to cast that spell.
Read which item? (? for menu, Esc to quit)
As you read the scroll labeled CEROXA CAMP, it crumbles to dust.
It is a scroll of identify.
Identify which item? (\ to view known items) (? for menu, Esc to quit)
m - 2 potions of ambrosia The orc shouts!
The giant gecko closely misses your spectral weapon.
Terence hits you with a short sword of speed.
* * * LOW HITPOINT WARNING * * *
The rat barely misses your spectral weapon.
Drink which item? (? for menu, Esc to quit)
You are confused.
You feel invigorated.
The giant gecko hisses menacingly.
The giant gecko bites your spectral weapon.
Terence hits you with a short sword of speed!
You die...

#.###..... #
...#.......# #. #.
###..........##o.
.. ......#.........
#.
#......#.......#.
#.#..##........#...
...
#................#
....
#<.........#...$.
###...)@@#...#...
#..).#(r.....#
##.#...l.......
#......##.....
#.###..# .).. ...#
##.# ### ##..# #.#
#..# #.. #### ####


You could see Terence, an orc, a giant gecko, a rat and a friendly spectral
spear.

Vanquished Creatures
  3 giant cockroaches
  6 hobgoblins
  2 jackals (D:2)
  3 ball pythons
  2 bats
  4 giant newts
  12 goblins
  6 kobolds
  4 rats
42 creatures vanquished.

Notes
Turn   | Place    | Note
--------------------------------------------------------------
     0 | D:1      | Galixin the High Elf Skald began the quest for the Orb.
     0 | D:1      | Reached XP level 1. HP: 14/14 MP: 4/4
   159 | D:1      | Reached XP level 2. HP: 16/19 MP: 4/6
   280 | D:1      | Reached skill level 4 in Charms
   329 | D:1      | Reached skill level 1 in Armour
  1053 | D:2      | Reached XP level 3. HP: 20/24 MP: 1/7
  1346 | D:2      | Learned a level 3 spell: Spectral Weapon
  1350 | D:2      | Learned a level 3 spell: Regeneration
  1530 | D:3      | Noticed Terence
  1541 | D:3      | Slain by Terence

Vault maps used:
D:1:      sevenhm_arrival_forest_fort_large_2, minmay_misc_feat_chi,
          minmay_strange_pillars
D:2:      kennysheep_the_goblin_king
D:3:      tso_oasis_becter, minmay_misc_feat_more_columns, uniq_grinder,
          uniq_terence, uniq_crazy_yiuf_cottage

Skill      XL: |  1  2 |
---------------+-------+-----
Charms         | 4 |  4.1
Armour         | 1 |  1.2
Fighting       | |  2.4
Polearms       | |  1.9
Dodging        | |  1.5
Stealth        | |  0.5
Spellcasting   | |  2.5

Action                   || total
-------------------------++-------
Melee: Spear             ||   140
 Cast: Infusion          ||     3
       Spectral Weapon   ||     2
  Use: Scroll            ||     1
       Potion            ||     1
 Stab: Sleeping          ||     2
  Eat: Bread ration      ||     1
Armor: Leather armour    ||    19
Dodge: Dodged            ||    44
